 Dungeon Sprint DCSS version 0.30.0-29-ga12c61a403 (webtiles) character file.

Game seed: 9367479930641474514

1925 boopmooplesden the Carver (level 8, -5/127 HPs)
             Began as a Black Draconian Berserker on June 24, 2023.
             Was a High Priest of Trog.
             Slain by an 11-headed hydra (14 damage)
             ... in the Dungeon (Sprint IX: "|||||||||||||||||||||||||||||").
             The game lasted 00:00:52 (367 turns).

boopmooplesden the Carver (DrBe)                     Turns: 367, Time: 00:00:52

Health: -5/127     AC:  7    Str: 20    XL:     8   Next: 96%
Magic:  8/8        EV: 18    Int:  7    God:    Trog [*****.]
Gold:   0          SH:  0    Dex: 19    Spells: 7/7 levels left

rFire   . . .        j - +2 scimitar (heavy)
rCold   . . .        (no shield)
rNeg    . . .        (body armour unavailable)
rPois   .            (helmet restricted)
rElec   +            (no cloak)
rCorr   .            k - +0 pair of gloves
SInv    .            (no boots)
Will    .....        (no amulet) Stlth
                     l - +3 ring of dexterity
HPRegen 0.41/turn    m - +3 ring of dexterity
MPRegen 0.11/turn

%: no teleportation
@: berserking (expiring), very quick
A: breathe lightning, AC +6, unfitting armour, electricity resistance,
cold-blooded
a: Breathe Lightning, Renounce Religion, Berserk, Trog's Hand, Brothers in Arms


You were in the Dungeon.
You worshipped Trog.
Trog was extremely pleased with you.
You visited 1 branch

Inventory:

Hand Weapons
 a - a +0 falchion
 j - a +2 heavy scimitar (weapon)
Armour
 k - a +0 pair of gloves (worn)
Jewellery
 l - a +3 ring of dexterity (left hand)
 m - a +3 ring of dexterity (right hand)
Wands
 i - a wand of quicksilver (10)
Scrolls
 g - 2 scrolls of blinking
Potions
 b - 5 potions of curing
 c - 3 potions of heal wounds
 d - a potion of haste
 e - 4 potions of magic
 f - a potion of berserk rage
 h - a potion of invisibility


   Skills:
 + Level 12.9 Fighting
 + Level 13.6 Long Blades
 + Level 9.6 Dodging
 + Level 0.6 Stealth


You had 7 spell levels left.
You didn't know any spells.
Your spell library was empty.

Dungeon Overview and Level Annotations

Branches:
Dungeon (1/1)

Altars:
Cheibriados
Dithmenos
Elyvilon
Fedhas
Gozag
Hepliaklqana
Kikubaaqudgha
Makhleb
Nemelex Xobeh
Okawaru
Qazlal
Ru
Sif Muna
Trog
Uskayaw
Vehumet
Wu Jian
Xom
Yredelemnul
Zin
The Shining One
Jiyva
Lugonu


Innate Abilities, Weirdness & Mutations

You can breathe wild blasts of lightning.
Your glossy black scales are hard. (AC +6)
You cannot fit into any form of body armour.
You are resistant to electric shocks. (rElec)
You are cold-blooded and may be slowed by cold attacks.


Message History

You chop one of the eight-headed hydra's heads off!
The seven-headed hydra grows two more!
You chop the nine-headed hydra into pieces!!!
You tail-slap the nine-headed hydra.
The nine-headed hydra is severely wounded.
The nine-headed hydra barely misses you.
The nine-headed hydra bites you but does no damage.
The nine-headed hydra bites you.
The nine-headed hydra bites you but does no damage.
The nine-headed hydra closely misses you. x2
The nine-headed hydra misses you. The nine-headed hydra bites you!
The nine-headed hydra barely misses you.
You completely miss the nine-headed hydra.
The nine-headed hydra is severely wounded.
The nine-headed hydra closely misses you.
The nine-headed hydra bites you.
The nine-headed hydra closely misses you.
The nine-headed hydra bites you. The nine-headed hydra bites you! x3
The nine-headed hydra completely misses you.
The nine-headed hydra barely misses you.
You slice one of the nine-headed hydra's heads off!
The eight-headed hydra grows two more!
You slice the ten-headed hydra!!
The ten-headed hydra is severely wounded.
You hack one of the ten-headed hydra's heads off!
The nine-headed hydra grows two more!
You slash the 11-headed hydra! You tail-slap the 11-headed hydra!
The 11-headed hydra is almost dead.
The 11-headed hydra bites you!
* * * LOW HITPOINT WARNING * * *
The 11-headed hydra bites you.
* * * LOW HITPOINT WARNING * * *
The 11-headed hydra bites you but does no damage.
The 11-headed hydra bites you!
* * * LOW HITPOINT WARNING * * *
The 11-headed hydra closely misses you.
The 11-headed hydra bites you but does no damage.
The 11-headed hydra barely misses you. The 11-headed hydra bites you!
* * * LOW HITPOINT WARNING * * *
The 11-headed hydra bites you!
You die... ▓▓▓▓▓▓▓▓▓▓▓▓▓▓▓▓▓▓▓▓▓▓▓ ?)..[[..'.)....'@DTC..+ ▓▓▓▓▓▓▓▓▓▓▓▓▓▓▓▓▓▓▓▓▓▓▓

You could see a 11-headed hydra, a cyclops and a troll.

Vanquished Creatures
  A centaur warrior (D)
  A cyclops (D)
  An unseen horror (D)
  A wraith (D)
  3 vampire mosquitoes (D)
  An acid dragon (D)
  A gnoll sergeant (D)
  A scorpion (D)
  A jelly (D)
  An iguana (D)
  A worm (D)
  A kobold (D)
  2 quokkas (D)
  2 bats (D)
  A rat (D)
19 creatures vanquished.

Notes
Turn   | Place    | Note
-------+----------+-------------------------------------------
     0 | D        | boopmooplesden the Draconian Berserker began the quest for
                  | the Orb.
     0 | D        | Reached XP level 1. HP: 19/19 MP: 1/1
     9 | D        | Reached ** piety under Trog
    20 | D        | Noticed a scorpion
    20 | D        | Noticed an iguana
    20 | D        | Noticed a jelly
    23 | D        | Reached XP level 2. HP: 27/27 MP: 2/2
    24 | D        | Killed a scorpion
    24 | D        | Reached *** piety under Trog
    25 | D        | Reached skill level 5 in Fighting
    25 | D        | Reached skill level 5 in Long Blades
    25 | D        | Reached XP level 3. HP: 37/37 MP: 3/3
    25 | D        | Reached XP level 4. HP: 44/44 MP: 4/4
    28 | D        | Reached skill level 6 in Long Blades
    28 | D        | Reached skill level 5 in Dodging
    64 | D        | Found a snail-covered altar of Cheibriados.
    64 | D        | Found a shadowy altar of Dithmenos.
    64 | D        | Found a white marble altar of Elyvilon.
    64 | D        | Found a blossoming altar of Fedhas.
    64 | D        | Found an opulent altar of Gozag.
    65 | D        | Found a hazy altar of Hepliaklqana.
    66 | D        | Found a viscous altar of Jiyva.
    67 | D        | Found an ancient bone altar of Kikubaaqudgha.
    68 | D        | Found a corrupted altar of Lugonu.
    69 | D        | Found a burning altar of Makhleb.
    70 | D        | Found a sparkling altar of Nemelex Xobeh.
    71 | D        | Found an iron altar of Okawaru.
    72 | D        | Found a stormy altar of Qazlal.
    73 | D        | Found a sacrificial altar of Ru.
    74 | D        | Found a shimmering blue altar of Sif Muna.
    75 | D        | Found a bloodstained altar of Trog.
    76 | D        | Found a hide-covered altar of Uskayaw.
    77 | D        | Found a radiant altar of Vehumet.
    78 | D        | Found an ornate altar of the Wu Jian Council.
    79 | D        | Found a shimmering altar of Xom.
    80 | D        | Found a basalt altar of Yredelemnul.
    81 | D        | Found a glowing silver altar of Zin.
    82 | D        | Found a glowing golden altar of the Shining One.
   116 | D        | Noticed an acid dragon
   116 | D        | Noticed a vampire mosquito
   116 | D        | Noticed a wraith
   116 | D        | Noticed a vampire mosquito
   116 | D        | Noticed a gnoll sergeant
   120 | D        | Killed an unseen horror
   120 | D        | Reached **** piety under Trog
   121 | D        | Reached skill level 9 in Long Blades
   121 | D        | Reached XP level 5. HP: 56/56 MP: 5/5
   121 | D        | Reached XP level 6. HP: 62/62 MP: 6/6
   121 | D        | Killed an acid dragon
   125 | D        | Killed a vampire mosquito
   126 | D        | Reached skill level 10 in Fighting
   126 | D        | Reached skill level 10 in Long Blades
   126 | D        | Your scales start taking on a glossy black colour.
   126 | D        | Reached XP level 7. HP: 72/72 MP: 7/7
   126 | D        | Gained mutation: You are resistant to electric shocks.
                  | (rElec) [Black Draconian growth]
   128 | D        | Killed a wraith
   129 | D        | Reached skill level 11 in Long Blades
   130 | D        | Killed a vampire mosquito
   130 | D        | Reached ***** piety under Trog
   352 | D        | Noticed a vampire mosquito
   352 | D        | Noticed a cyclops
   352 | D        | Noticed a centaur warrior
   352 | D        | Noticed a six-headed hydra
   352 | D        | Noticed a troll
   352 | D        | Noticed a cyclops
   354 | D        | Killed a vampire mosquito
   355 | D        | Reached XP level 8. HP: 82/82 MP: 8/8
   357 | D        | Killed a cyclops
   358 | D        | Reached skill level 12 in Long Blades
   361 | D        | Killed a centaur warrior
   362 | D        | Reached skill level 13 in Long Blades
   367 | D        | Slain by an 11-headed hydra

Illustrated notes

Levels and vault maps discovered:
D:        linesprint [early_d, line_temple, items_1, d_10, items_2, lair_1,
          lair_end, items_3, orc_1, orc_end, items_4, d_15, swamp_1, shoals_1,
          snake_1, spider_1, d_20, vaults_1, items_5, swamp_end, shoals_end,
          snake_end, spider_end, vaults_end, d_27, items_6, zot_1, zot_end,
          crypt_end, forest_end, elf_end, slime_end, tomb_end, abyss_end,
          pan_hell_end]

Skill      XL: |  1  2  3  4  5  6  7  8 |
---------------+-------------------------+-----
Dodging        | 3 4 6 7 8 9 |  9.6
Fighting       | 4 5 8 10 11 12 | 12.9
Long Blades    | 5 9 10 11 13 | 13.6
Stealth        | |  0.6

Action                     |  1- 3 |  4- 6 |  7- 9 || total
---------------------------+-------+-------+-------++-------
  Melee: Falchion          |    13 |     8 |       ||    21
         Tailslap          |     3 |     1 |     6 ||    10
         Scimitar          |       |     7 |    20 ||    27
 Invoke: Berserk           |     1 |     1 |     1 ||     3
 Armour: Skin              |     4 |     5 |     7 ||    16
  Dodge: Dodged            |    13 |     8 |    24 ||    45
